 Dungeon Crawl Stone Soup version 0.16-a0-3939-g9a3e665 (webtiles) character file.

2915 Herrn the Blocker (level 9, -1/56 HPs)
             Began as a Gargoyle Fighter on Feb 6, 2015.
             Was a Follower of Okawaru.
             Slain by a cyclops (4 damage)
             ... on level 8 of the Dungeon.
             The game lasted 00:33:04 (8324 turns).

Herrn the Blocker (Gargoyle Fighter)                Turns: 8324, Time: 00:33:04

Health: -1/56      AC: 22    Str: 20    XL:     9   Next: 78%
Magic:  0/13       EV:  7    Int: 17    God:    Okawaru [*.....]
Gold:   298        SH: 11    Dex:  9    Spells: 0 memorised, 11 levels left

rFire  . . .     SeeInvis .     K - +6 flail (crush)
rCold  . . .     Clarity  .     t - +0 chain mail
rNeg   + . .     SustAb   .     c - +0 shield
rPois  ∞         Gourm    +     E - +2 hat {Spirit}
rElec  +         Spirit   +     (no cloak)
rCorr  .         Warding  .     s - +0 pair of gloves
rMut   .         Stasis   .     z - +2 pair of boots
MR     .....                    q - amulet of the gourmand
Stlth  ..........               (no ring)
                                v - ring of teleport control

@: brilliant, not resistant to hostile enchantments, extremely unstealthy
A: negative energy resistance 1, shaggy fur 1, electricity resistance,
unbreathing, petrification resistance, rot immunity, AC +5
a: Heroism, Renounce Religion, Evoke Teleport Control


You were on level 8 of the Dungeon.
You worshipped Okawaru.
Okawaru was aware of your devotion.
You were very full.

You visited 2 branches of the dungeon, and saw 9 of its levels.

You collected 298 gold pieces.

Inventory:

Hand weapons
 a - a +0 flail
 u - a +1 flail of holy wrath
 D - a +0 whip of freezing
 K - a +6 flail of crushing (weapon)
Armour
 c - a +0 shield (worn)
 s - a +0 pair of gloves (worn)
 t - a +0 chain mail (worn)
 z - a +2 pair of boots (worn)
 E - a +2 hat of spirit shield (worn)
 L - a +2 robe of the Archmagi
Jewellery
 q - an amulet of the gourmand (around neck)
 v - a ring of teleport control (left hand)
Magical devices
 k - a wand of disintegration (10)
 o - a wand of polymorph (2)
 A - a wand of random effects (25)
 G - a wand of draining (5)
 H - a wand of slowing (30)
 J - a wand of polymorph (7)
 M - a wand of paralysis (9)
Scrolls
 e - 2 scrolls of magic mapping {unknown}
 f - 3 scrolls of remove curse
 g - a scroll of noise {unknown}
 h - a scroll of random uselessness {unknown}
 n - a scroll of fog
 x - 4 scrolls of teleportation {unknown}
 y - 4 scrolls of identify
 C - a scroll of enchant weapon {unknown}
Potions
 b - a potion of brilliance
 m - a potion of poison
 r - 2 potions of restore abilities
 F - 2 potions of cancellation
 I - a potion of curing
 N - a potion of agility
Books
 B - a Necronomicon {highlevel, unknown}

   This book is beyond your current level of understanding.

   Spells                             Type                      Level
   a - Haunt                          Necromancy/Summoning         7
   b - Borgnjor's Revivification      Necromancy                   8
   c - Death's Door                   Charms/Necromancy            8
   d - Necromutation                  Transmutation/Necromancy     8
Comestibles
 d - 8 bread rations
 i - 7 meat rations
 j - a royal jelly
 l - a fruit
 p - 2 beef jerkies


   Skills:
 * Level 6.9 Fighting
 * Level 7.0 Maces & Flails
 - Level 4.1 Armour
 + Level 4.1 Dodging
 + Level 9.2 Shields
 * Level 1.7 Spellcasting
 - Level 0.2 Evocations


You had 11 spell levels left.
You didn't know any spells.

Dungeon Overview and Level Annotations

Branches:
Dungeon (8/15)             Temple (1/1) D:4
   Lair: D:8-11

Altars:
Ashenzari
Cheibriados
Dithmenos
Elyvilon
Fedhas
Gozag
Kikubaaqudgha
Makhleb
Nemelex Xobeh
Okawaru
Qazlal
Ru
Trog
Vehumet
Xom
Yredelemnul
Zin
The Shining One


Innate Abilities, Weirdness & Mutations

You are resistant to torment.
You are immune to poison.
Your stone body is very resilient (AC +5).
You resist negative energy.
You are resistant to electric shocks.
You can survive without breathing.
You are immune to petrification.
You are immune to rotting.
You are covered in fur (AC +1).


Message History

The cyclops hits you!
* * * LOW HITPOINT WARNING * * *
Drink which item? (? for menu, Esc to quit)
It was a potion of brilliance.
You feel clever all of a sudden. The cyclops hits you!
* * * LOW HITPOINT WARNING * * *
Drink which item? (? for menu, Esc to quit)
It was a potion of beneficial mutation.
Fur sprouts all over your body.
You feel fantastic!
Read which item? (? for menu, Esc to quit)
Okay, then.
Drink which item? (? for menu, Esc to quit)
You feel better. The cyclops hits you.
* * * LOW HITPOINT WARNING * * *
You hit the cyclops.
The cyclops is heavily wounded.
The cyclops hits you.
You die...

. .. ######## .#
.......##### .#
######.....# .#
.....#.....# .#
.___.#.....# .#
.._.>#.....######C#
....l#..........@.#
..._.#............#########
########..........#.....†.#
##### #.#†.......#.#####.#
#.##########.# #.# #.# #.#
#.# #.####### #.# #.#
#.#.....####.#####.#######
#.......'.................


You could see a cyclops.

Vanquished Creatures
  Pikel (D:6)
  Grinder (D:6)
  A spriggan (D:7)
  Edmund (D:5)
  An ice beast (D:6)
  A sky beast (D:7)
  3 slaves (D:6)
  2 phantoms
  An orc warrior (D:8)
  A centaur (D:8)
  2 ogres
  A big kobold (D:7)
  Blork the orc (D:7)
  A giant frog (D:6)
  A killer bee (D:6)
  2 scorpions (D:6)
  6 orc wizards
  An iguana (D:4)
  4 orc priests
  4 hounds
  2 centaur skeletons
  3 worker ants (D:4)
  A gnoll shaman (D:6)
  2 sheep (D:8)
  A human zombie (D:6)
  Ijyb (D:7)
  A worker ant zombie (D:5)
  6 adders
  9 gnolls
  3 shadow imps
  3 giant mites
  A worm (D:2)
  2 adder skeletons (D:6)
  4 giant geckos
  29 orcs
  7 bats
  2 bat skeletons
  5 giant cockroaches
  14 goblins
  11 hobgoblins
  8 jackals
  3 ball pythons
  2 giant newts
  3 goblin zombies (D:5)
  3 hobgoblin zombies (D:5)
  15 kobolds
  2 kobold zombies (D:5)
  An orc skeleton (D:5)
  2 orc zombies (D:5)
  A quokka (D:2)
  A quokka skeleton (D:8)
  14 rats
198 creatures vanquished.

Vanquished Creatures (others)
  A slave (D:6)
  A goblin (D:6)
2 creatures vanquished.

Grand Total: 200 creatures vanquished

Notes
Turn   | Place    | Note
--------------------------------------------------------------
     0 | D:1      | Herrn, the Gargoyle Fighter, began the quest for the Orb.
     0 | D:1      | Reached XP level 1. HP: 14/14 MP: 1/1
   192 | D:1      | Reached XP level 2. HP: 16/19 MP: 2/2
   688 | D:1      | Reached XP level 3. HP: 20/23 MP: 3/3
   984 | D:2      | Reached skill level 4 in Shields
  1303 | D:3      | Reached skill level 1 in Dodging
  1446 | D:3      | Reached XP level 4. HP: 19/28 MP: 4/4
  1964 | D:4      | Found a staircase to the Ecumenical Temple.
  1974 | Temple   | Entered the Ecumenical Temple
  2604 | D:4      | Reached XP level 5. HP: 32/32 MP: 5/5
  2792 | D:4      | Noticed an ogre
  2798 | D:4      | Noticed a phantom
  2828 | D:4      | Killed an ogre
  2844 | D:4      | HP: 2/49 [phantom[a kobold] (5)]
  3295 | D:5      | Entered Level 5 of the Dungeon
  4081 | D:5      | Noticed a phantom
  4105 | D:4      | Reached XP level 6. HP: 34/38 MP: 6/6
  4113 | D:5      | Reached skill level 5 in Shields
  4344 | D:5      | Killed a phantom
  4539 | D:5      | Noticed Edmund
  4602 | D:5      | Killed Edmund
  4602 | D:5      | Reached XP level 7. HP: 37/44 MP: 7/7
  5254 | D:5      | Found a glowing golden altar of the Shining One.
  5666 | D:6      | Reached skill level 5 in Fighting
  5666 | D:6      | Reached skill level 6 in Shields
  5820 | D:6      | Noticed Grinder
  5834 | D:6      | Killed Grinder
  5834 | D:6      | Reached XP level 8. HP: 35/50 MP: 8/8
  6442 | D:6      | Noticed Pikel
  6481 | D:6      | Killed Pikel
  6481 | D:6      | Reached skill level 5 in Maces & Flails
  6481 | D:6      | Reached skill level 7 in Shields
  6626 | D:6      | Reached skill level 8 in Shields
  6661 | D:6      | Reached XP level 9. HP: 37/55 MP: 9/9
  7054 | D:7      | Found a bloodstained altar of Trog.
  7182 | D:7      | Found an iron altar of Okawaru.
  7192 | D:7      | Became a worshipper of Warmaster Okawaru
  7249 | D:7      | Noticed Blork the orc
  7270 | D:7      | Killed Blork the orc
  7384 | D:7      | Found a stormy altar of Qazlal.
  7384 | D:7      | Found a radiant altar of Vehumet.
  7385 | D:7      | Found an ancient bone altar of Kikubaaqudgha.
  7511 | D:7      | Noticed Ijyb
  7514 | D:7      | Paralysed by Ijyb for 6 turns
  7525 | D:7      | Killed Ijyb
  7803 | D:6      | Reached skill level 1 in Spellcasting
  7894 | D:7      | Reached skill level 9 in Shields
  7938 | D:8      | Acquired Okawaru's first power
  8261 | D:8      | Found a shimmering altar of Xom.
  8261 | D:8      | Found a shimmering altar of Xom.
  8261 | D:8      | Found a shimmering altar of Xom.
  8261 | D:8      | Found a shimmering altar of Xom.
  8269 | D:8      | Found a shimmering altar of Xom.
  8270 | D:8      | Found a shimmering altar of Xom.
  8312 | D:8      | Noticed a cyclops
  8321 | D:8      | HP: 1/56 [cyclops (7)]
  8322 | D:8      | Gained mutation: You are covered in fur (AC +1). [potion of beneficial mutation]
  8324 | D:8      | Slain by a cyclops

Action                   |  1- 3 |  4- 6 |  7- 9 || total
-------------------------+-------+-------+-------++-------
Melee: Flail             |   139 |   263 |   613 ||  1015
Evoke: Wand              |       |       |     2 ||     2
  Use: Potion            |       |     7 |     4 ||    11
       Scroll            |       |     3 |     2 ||     5
  Eat: Chunk             |       |    10 |    22 ||    32
       Fruit             |       |     2 |       ||     2
